 Dungeon Crawl Stone Soup version 0.28.0-53-g5a82cb258f (webtiles) character file.

Game seed: 12841304672618955735

486 Revguard the Skirmisher (level 6, -2/50 HPs)
             Began as a Demonspawn Berserker on June 14, 2022.
             Was a Follower of Trog.
             Slain by Pikel
             ... wielding a +2 whip of flaming
              (7 damage)
             ... on level 5 of the Dungeon.
             The game lasted 00:07:13 (4671 turns).

Revguard the Skirmisher (Demonspawn Berserker)      Turns: 4671, Time: 00:07:14

Health: -2/50      AC: 12    Str: 19    XL:     6   Next: 89%
Magic:  6/6        EV: 13    Int:  9    God:    Trog [*.....]
Gold:   11         SH:  0    Dex: 12    Spells: 5/5 levels left

rFire   . . .      SeeInvis .   a - +0 hand axe
rCold   . . .      Faith    .   (no shield)
rNeg    . . .      Spirit   .   j - +0 plate armour
rPois   .          Reflect  .   (helmet restricted)
rElec   .          Harm     .   (no cloak)
rCorr   .          Rampage  .   (no gloves)
Will    .....                   n - +0 pair of boots
Stlth   ..........              (no amulet)
HPRegen 0.16/turn               (no ring)
MPRegen 0.10/turn               (no ring)

@: agile, on berserk cooldown, slowed, very slow
A: antennae 1, repulsion field 1, powered by pain 1
a: Renounce Religion, Berserk


You were on level 5 of the Dungeon.
You worshipped Trog.
Trog was aware of your devotion.
You visited 1 branch of the dungeon, and saw 5 of its levels.

You collected 137 gold pieces.
You spent 126 gold pieces at shops.

Inventory:

Hand Weapons
 a - a +0 hand axe (weapon)
Armour
 j - a +0 plate armour (worn)
 n - a +0 pair of boots (worn)
Jewellery
 d - a +4 ring of evasion
Scrolls
 e - 3 scrolls of identify
Potions
 b - a potion of mutation
 c - a potion of cancellation
 k - a potion of lignification


   Skills:
 * Level 4.9 Fighting
 + Level 3.7 Axes
 * Level 3.9 Armour
 + Level 3.0 Dodging
 + Level 2.3 Evocations


You had 5 spell levels left.
You didn't know any spells.
Your spell library was empty.

Dungeon Overview and Level Annotations

Branches:
Dungeon (5/15)             Temple (0/1) D:4

Altars:
Cheibriados

Shops:
D:4 !

Annotations:
D:5 Pikel


Innate Abilities, Weirdness & Mutations

You have a pair of small antennae on your head.
You are surrounded by a mild repulsion field. (EV +2)
You sometimes gain a little power by taking damage.


Message History

* * * LOW HITPOINT WARNING * * *
Pikel hits you but does no damage. x2; The lemure hits you but does no damage.
You feel much better. The lemure hits you. Pikel hits you but does no damage.
You barely miss Pikel.
Pikel is heavily wounded.
You closely miss the lemure. The lemure hits you but does no damage.
Pikel hits you with a +2 whip of flaming.
Pikel burns you. The lemure hits you but does no damage.
Pikel hits you with a +2 whip of flaming.
Pikel burns you.
You hit Pikel.
Pikel is heavily wounded.
You hit the lemure. The lemure completely misses you.
Pikel hits you but does no damage. The lemure hits you.
Pikel hits you with a +2 whip of flaming.
* * * LOW HITPOINT WARNING * * *
Pikel burns you.
* * * LOW HITPOINT WARNING * * *
Okay, then.
You hit Pikel but do no damage.
Pikel is heavily wounded.
You hit the lemure but do no damage. The lemure hits you but does no damage.
Pikel hits you with a +2 whip of flaming!
* * * LOW HITPOINT WARNING * * *
You focus on the pain.
You feel agile all of a sudden. Pikel burns you.
* * * LOW HITPOINT WARNING * * *
Press: ? - help, v - describe, . - travel
Here: Pikel, wielding a +2 whip of flaming and wearing a +2 robe of fire resistance (heavily wounded)
The floor.
You hit Pikel.
Pikel is severely wounded.
You hit the lemure.
You feel less wooden.
Your +0 pair of boots unmelds from your body.
Your +0 plate armour unmelds from your body.
The lemure closely misses you.
Pikel hits you with a +2 whip of flaming!
You die...

#### ###...#
....#.###
#.......#
#.......#
.......##
#........
#####<...#
.≈#.5@K5..##
≈≈≈.≈..##.#.#
##≈≈.#..5.#.#
#.#...#..# #
# ##.##... #.
#..## #. #(.#
.. #..# #...


You could see Pikel and 2 lemures.

Vanquished Creatures
  The ghost of Descartes the Grasshopper, an amateur TrWr (D:4)
  2 lemures (D:5)
  A scorpion (D:4)
  A hound (D:4)
  An orc priest (D:3)
  An orc wizard (D:3)
  5 adders
  2 worms (D:2)
  2 dart slugs
  2 orcs (D:3)
  8 ball pythons
  5 endoplasms
  4 giant cockroaches
  2 goblins
  4 hobgoblins
  3 jackals (D:3)
  4 kobolds
  A quokka (D:3)
  6 bats
  3 frilled lizards
  4 rats
62 creatures vanquished.

Notes
Turn   | Place    | Note
-------+----------+-------------------------------------------
     0 | D:1      | Revguard the Demonspawn Berserker began the quest for the
                  | Orb.
     0 | D:1      | Reached XP level 1. HP: 18/18 MP: 1/1
   729 | D:1      | Gained mutation: You sometimes gain a little power by
                  | taking damage. [demonic ancestry]
   729 | D:1      | Reached XP level 2. HP: 24/24 MP: 2/2
   729 | D:1      | Found a faded altar of an unknown god.
  1347 | D:2      | Found a snail-covered altar of Cheibriados.
  2121 | D:2      | Reached XP level 3. HP: 26/29 MP: 3/3
  2648 | D:3      | Reached skill level 1 in Evocations
  2656 | D:3      | Gained mutation: You have a pair of small antennae on your
                  | head. [demonic ancestry]
  2656 | D:3      | Reached XP level 4. HP: 24/37 MP: 4/4
  3084 | D:3      | Gained mutation: You are surrounded by a mild repulsion
                  | field. (EV +2) [demonic ancestry]
  3084 | D:3      | Reached XP level 5. HP: 29/42 MP: 5/5
  3208 | D:3      | Reached ** piety under Trog
  3269 | D:4      | Reached skill level 4 in Fighting
  3403 | D:4      | Found a runed translucent door.
  3404 | D:4      | Noticed Descartes's ghost (amateur TrWr)
  3428 | D:4      | Killed Descartes's ghost
  3429 | D:4      | Reached XP level 6. HP: 27/50 MP: 6/6
  3586 | D:4      | Found Furinunt's Distillery.
  3593 | D:4      | Bought a potion of degeneration for 14 gold pieces
  3593 | D:4      | Bought a potion of heal wounds for 70 gold pieces
  3593 | D:4      | Bought a potion of lignification for 42 gold pieces
  4029 | D:4      | Found a staircase to the Ecumenical Temple.
  4635 | D:5      | Entered Level 5 of the Dungeon
  4637 | D:5      | Noticed Pikel
  4671 | D:5      | Slain by Pikel

Illustrated notes

Levels and vault maps discovered:
D:1:      lightli_arrival_maybe_door_vault, layout_basic,
          nicolae_ecumenical_snake_handling
D:2:      kennysheep_six_static_rooms, layout_basic, basic_altar
D:3:      layout_rooms
D:4:      layout_basic, minmay_temple_entry_poolview, gammafunk_ghost_grave,
          serial_shops, shop
D:5:      layout_loops_ring, gup_sewer_entry_pipe, uniq_pikel,
          uniq_crazy_yiuf_cottage, uniq_edmund

Skill      XL: |  1  2  3  4  5  6 |
---------------+-------------------+-----
Armour         | 2 3 |  3.9
Dodging        | 2 3 |  3.0
Axes           | 3 |  3.7
Evocations     | 1 2 |  2.3
Fighting       | 4 |  4.9

Action                   |  1- 3 |  4- 6 || total
-------------------------+-------+-------++-------
Melee: Hand axe          |   129 |   127 ||   256
       Punch             |       |     1 ||     1
Invok: Berserk           |     3 |     3 ||     6
       Trog's Hand       |       |     1 ||     1
  Use: Scroll            |       |     7 ||     7
       Potion            |       |     4 ||     4
Armor: Animal skin       |     5 |       ||     5
       Scale mail        |    21 |       ||    21
       Plate armour      |    59 |    66 ||   125
       Skin              |       |    27 ||    27
Dodge: Dodged            |    83 |    47 ||   130
